AoeStats
← Go Georgie Go

Arabia

506330707Analyzed
1v1 RM · 18d ago on Sep 13, 2026· 42m 40s· 2 players
Game mode
Random Map
Map size
Tiny (2 player)
Population
200
Speed
Normal
Resources
Standard
Victory
Conquest
Starting age
Dark Age
Ending age
Imperial Age
RankedLock teamsTeams togetherTeam positionsShared explorationLock speedFull tech treeHidden civsTurbo modeCheats
Victory
Defeat
🇨🇳 Ethiopians · China
683
+15
🇭🇰 Magyars · Hong Kong SAR China
660
-15
Go Georgie Go
5:56 Loom
12:41 Feudal Age
13:13 Horse Collar
13:19 Double-Bit Axe
16:11 Wheelbarrow
17:20 Gold Mining
17:55 Scale Mail Armor
18:02 Scale Barding Armor
22:34 Castle Age
21:54 Stone Mining
22:41 Bloodlines
23:21 Heavy Plow
24:44 Chain Barding Armor
26:26 Bow Saw
26:07 Pikeman
26:11 Light Cavalry
26:52 Husbandry
29:40 Hand Cart
31:39 Chain Mail Armor
32:50 Town Watch
36:02 Corvinian Army
35:59 Man-at-Arms
39:47 Imperial Age
37:05 Long Swordsman
40:54 Conscription
40:47 Elite Magyar Huszar
43:34 Plate Barding Armor
crazypig
3:33 Loom
11:20 Feudal Age
11:48 Double-Bit Axe
17:10 Castle Age
16:42 Horse Collar
18:39 Bow Saw
19:40 Heavy Plow
20:23 Stone Mining
22:04 Gold Mining
26:48 Gold Shaft Mining
28:38 Wheelbarrow
33:04 Imperial Age
31:00 Ballistics
30:58 Squires
31:13 Forging
31:04 Scale Mail Armor
31:39 Royal Heirs
33:09 Iron Casting
32:50 Chain Mail Armor
34:13 Conscription
35:20 Hand Cart
35:45 Heavy Scorpion
37:17 Elite Shotel Warrior
39:01 Blast Furnace
38:50 Plate Mail Armor
39:49 Chemistry
39:53 Arson
41:22 Torsion Engines
Connection lost

Rejoining the realm…

Still unreachable

The connection could not be restored.

Session expired

The server has moved on; the page needs a fresh start.